[Event "Titled Tuesday Blitz May 4 2021"]
[White "Najdin, Danil"]
[Black "Luberanski, Jakub"]
[WhiteFideId "4172426"]
[BlackFideId "21830509"]
[WhiteElo "2193"]
[BlackElo "2078"]
[Result "1-0"]
[Round "10"]
[TimeControl "180+1"]
[Date "2021.05.04"]
[WhiteClock "0:00:35"]
[BlackClock "0:00:18"]

1. e4 c5 2. Nc3 e6 3. g3 Nc6 4. Bg2 g6 5. d3 Bg7 6. f4 d6 7. Nf3 Nge7 8. O-O Rb8 9. a3 O-O 10. Be3 Nd4 11. Nh4 b5 12. Rb1 a5 13. a4 b4 14. Ne2 Bd7 15. b3 Nec6 16. Nxd4 cxd4 17. Bd2 Ne7 18. g4 f5 19. exf5 exf5 20. g5 Bc6 21. Bxc6 Nxc6 22. Qf3 d5 23. Rfe1 Qd6 24. Re2 Rbe8 25. Rbe1 Kf7 26. Rxe8 Rxe8 27. Rxe8 Kxe8 28. Qe2+ Kf7 29. Nf3 Qc7 30. Bc1 Nd8 31. Kg2 Ne6 32. Kg3 Qd6 33. h4 Qc7 34. h5 gxh5 35. Nh4 Nxg5 36. Qxh5+ Kg8 37. Qxg5 Qxc2 38. Nxf5 Qxd3+ 39. Kh4 1-0


[Site "https://www.chess.com"]

[Event "Titled Tuesday Blitz May 4 2021"]
[White "Nastore, Pavel-Alexandru"]
[Black "Steil-Antoni, Fiona"]
[WhiteFideId "1255002"]
[BlackFideId "4001249"]
[WhiteElo "1809"]
[BlackElo "2059"]
[Result "1-0"]
[Round "10"]
[TimeControl "180+1"]
[Date "2021.05.04"]
[WhiteClock "0:00:18"]
[BlackClock "0:00:01"]

1. e4 e5 2. Nf3 Nc6 3. Bb5 a6 4. Ba4 d6 5. O-O Bd7 6. c3 Nge7 7. d4 Ng6 8. Re1 Be7 9. Nbd2 h6 10. Nf1 Bg5 11. Be3 Bxe3 12. fxe3 O-O 13. Bc2 Qe7 14. Qd2 f5 15. exf5 Bxf5 16. e4 Bg4 17. Qe3 Bxf3 18. gxf3 Nh4 19. Nd2 Rf4 20. Kh1 Raf8 21. Bd1 Qf6 22. Be2 Ng6 23. Rg1 Rh4 24. d5 Nd8 25. Rg3 Nf4 26. Bf1 Nf7 27. Bg2 Ng5 28. Rg1 Nh5 29. Rg4 Rxg4 30. fxg4 Nf4 31. Bf1 Nh7 32. Nf3 Qg6 33. c4 Nf6 34. Nd2 Nxg4 35. Qg3 h5 36. h3 Qh6 37. hxg4 hxg4+ 38. Qh2 Qg5 39. Be2 Nxe2 40. Qxe2 Rf4 41. Nf3 Qh6+ 42. Nh2 Qf6 43. Nxg4 1-0


[Site "https://www.chess.com"]

[Event "Titled Tuesday Blitz May 4 2021"]
[White "Navalgund, Niranjan"]
[Black "Yeremyan, Alen"]
[WhiteFideId "5030854"]
[BlackFideId "13308998"]
[WhiteElo "2290"]
[BlackElo "2158"]
[Result "1-0"]
[Round "10"]
[TimeControl "180+1"]
[Date "2021.05.04"]
[WhiteClock "0:01:38"]
[BlackClock "0:02:00"]

1. e4 Nf6 2. e5 Nd5 3. Nc3 Nb6 4. h4 d6 5. Nf3 Nc6 6. Qe2 Bg4 7. exd6 cxd6 8. Qe3 d5 9. Bb5 a6 10. Bxc6+ bxc6 11. Ne5 Bd7 12. Qf3 Be6 13. Nxc6 Qc7 14. Nd4 Bd7 15. O-O e6 16. Re1 Be7 17. d3 O-O 18. Nf5 Bf6 19. Bf4 Qb7 20. Nh6+ Kh8 21. Ng4 Bxc3 22. bxc3 f6 23. Bd6 Rf7 24. Ne5 Bc6 25. Nxf7+ Qxf7 26. Rab1 Nd7 27. d4 Bb5 28. Rb4 Nb6 29. Bc5 Nc4 30. a4 Bc6 31. Rxc4 1-0


[Site "https://www.chess.com"]

[Event "Titled Tuesday Blitz May 4 2021"]
[White "Necula, Iulian"]
[Black "Bongo Akanga Ndjila, Barthelemy"]
[WhiteFideId "1232380"]
[BlackFideId "10609431"]
[WhiteElo "1776"]
[BlackElo "1803"]
[Result "1/2-1/2"]
[Round "10"]
[TimeControl "180+1"]
[Date "2021.05.04"]
[WhiteClock "0:00:47"]
[BlackClock "0:00:01"]

1. f4 f5 2. Nf3 Nf6 3. g3 g6 4. Bg2 Bg7 5. O-O O-O 6. d3 d6 7. c3 Qe8 8. Qc2 e5 9. Nbd2 Na6 10. fxe5 dxe5 11. e4 f4 12. Nc4 Nh5 13. gxf4 exf4 14. Qb3 Kh8 15. a4 Nc5 16. Qc2 a5 17. Bd2 Bg4 18. Rae1 Qxa4 19. Qb1 Nb3 20. Qc2 Qb5 21. Na3 Qb6+ 22. d4 Nxd2 23. Qxd2 Rad8 24. Nc4 Qb5 25. Nce5 Bxf3 26. Nxf3 c5 27. d5 c4 28. Nd4 Qb6 29. Kh1 Qf6 30. e5 Qh4 31. Kg1 Qg4 32. Qe2 f3 33. Rxf3 Rxf3 34. Qxf3 Qg5 35. Qe3 Qg4 36. Qe2 Qh4 37. Ne6 Re8 38. Nxg7 Nxg7 39. e6 Nf5 40. Qe5+ Kg8 41. d6 Nxd6 42. Qxd6 Qxe1+ 43. Bf1 Qxe6 44. Qd4 Qe3+ 45. Qxe3 Rxe3 46. Bxc4+ Kg7 47. Bd5 Re5 48. c4 Re2 49. b3 Rb2 50. Bxb7 Rxb3 51. Bc6 Rb4 52. c5 a4 53. Bd5 a3 54. c6 Rb1+ 55. Kf2 Rc1 56. Ke3 Rxc6 57. h4 Rc5 58. Ba2 Rc2 59. Bb3 a2 60. Bxc2 a1=Q 61. Bd3 Kh6 62. h5 gxh5 63. Kf4 1/2-1/2


[Site "https://www.chess.com"]

[Event "Titled Tuesday Blitz May 4 2021"]
[White "Niyazgulova, Marina"]
[Black "Garcia, Gabriel Gonzaga"]
[WhiteFideId "24142573"]
[BlackFideId "2138956"]
[WhiteElo "2087"]
[BlackElo "2240"]
[Result "0-1"]
[Round "10"]
[TimeControl "180+1"]
[Date "2021.05.04"]
[WhiteClock "0:00:26"]
[BlackClock "0:00:43"]

1. d4 Nf6 2. c4 e6 3. Nc3 Bb4 4. Qc2 d5 5. Nf3 O-O 6. Bg5 c5 7. e3 Nbd7 8. a3 Qa5 9. Bxf6 Nxf6 10. Bd3 dxc4 11. Bxc4 cxd4 12. Nxd4 Bxc3+ 13. Qxc3 Qxc3+ 14. bxc3 Bd7 15. Rc1 Rfc8 16. Bd3 Rc7 17. Kd2 Rac8 18. Rc2 Ba4 19. Rcc1 a6 20. e4 e5 21. Nf5 Rd8 22. Ke2 Rcd7 23. Bb1 Rd2+ 24. Kf3 Bd1+ 25. Kg3 Nh5+ 26. Kh4 Nf4 27. Ne3 Ba4 28. f3 R8d6 29. g4 Rh6+ 30. Kg5 f6+ 31. Kf5 Bd7# 0-1


[Site "https://www.chess.com"]

[Event "Titled Tuesday Blitz May 4 2021"]
[White "Nosacheva, Mariya"]
[Black "Bures, Vit"]
[WhiteFideId "34111422"]
[BlackFideId "309052"]
[WhiteElo "2035"]
[BlackElo "2131"]
[Result "1-0"]
[Round "10"]
[TimeControl "180+1"]
[Date "2021.05.04"]
[WhiteClock "0:00:42"]
[BlackClock "0:00:01"]

1. e4 e5 2. Nf3 Nc6 3. Bb5 a6 4. Ba4 Nf6 5. O-O Be7 6. Re1 b5 7. Bb3 O-O 8. a4 b4 9. d3 d6 10. a5 Be6 11. c3 Rb8 12. Bxe6 fxe6 13. Ng5 Qd7 14. Qa4 Nd8 15. Nd2 Qxa4 16. Rxa4 bxc3 17. bxc3 h6 18. Ngf3 c5 19. Nc4 Nc6 20. Be3 Rb3 21. Rc1 Rfb8 22. h3 Rb1 23. Ra1 Rxc1+ 24. Bxc1 Rb3 25. Bd2 Kf7 26. Kf1 Ne8 27. Ke2 Bd8 28. Ne1 d5 29. exd5 exd5 30. Ne3 Ke6 31. c4 d4 32. Nd5 Nf6 33. Nxf6 Kxf6 34. Nf3 Rb2 35. g4 Bxa5 36. h4 Bxd2 37. Nxd2 Nb4 38. Ra5 Ra2 39. Rxc5 a5 40. Rb5 Rb2 41. Rxa5 Nc2 42. Ra6+ Kf7 43. Kd1 Nb4 44. Ra7+ Ke6 45. Ke2 Rb3 46. Rxg7 Rxd3 47. Rg6+ Ke7 48. Rxh6 Rh3 49. g5 d3+ 50. Ke1 Nc2+ 51. Kf1 Nd4 52. Kg2 1-0


[Site "https://www.chess.com"]

[Event "Titled Tuesday Blitz May 4 2021"]
[White "Novikova, Galina"]
[Black "Pajeken, Jakob Leon"]
[WhiteFideId "4157095"]
[BlackFideId "12942839"]
[WhiteElo "1966"]
[BlackElo "2024"]
[Result "0-1"]
[Round "10"]
[TimeControl "180+1"]
[Date "2021.05.04"]
[WhiteClock "0:00:07"]
[BlackClock "0:02:24"]

1. e4 e5 2. Nf3 Nc6 3. d4 exd4 4. Nxd4 Nf6 5. Nc3 Nxe4 6. Nxe4 Qe7 7. Bd3 Nxd4 8. O-O Ne6 9. f4 f5 10. Ng5 g6 11. Bxf5 Qc5+ 12. Kh1 Qxf5 13. Nxe6 dxe6 14. Qd4 Rg8 15. Be3 Bd6 16. Rad1 Bd7 17. c4 Bc6 18. c5 Be7 19. b4 Rd8 20. Qb2 Rxd1 21. Rxd1 Qe4 22. Bg1 Kf7 23. b5 Bd5 24. Qc3 Qxg2# 0-1


[Site "https://www.chess.com"]

[Event "Titled Tuesday Blitz May 4 2021"]
[White "Ognean, Mihnea-Ionut"]
[Black "Oliveira, Silvio Eduardo"]
[WhiteFideId "1232347"]
[BlackFideId "2111560"]
[WhiteElo "2012"]
[BlackElo "2302"]
[Result "1-0"]
[Round "10"]
[TimeControl "180+1"]
[Date "2021.05.04"]
[WhiteClock "0:00:11"]
[BlackClock "0:00:03"]

1. e4 e5 2. Nf3 Nc6 3. Nc3 Nf6 4. d4 exd4 5. Nxd4 Bb4 6. Nxc6 bxc6 7. Bd3 d5 8. exd5 O-O 9. O-O Bg4 10. f3 Bh5 11. Bg5 Qd6 12. Kh1 Nxd5 13. Ne4 Qd7 14. c3 Be7 15. Qd2 Bg6 16. Rad1 f5 17. Nf2 Rae8 18. Bc4 Bf7 19. Bxd5 cxd5 20. Bxe7 Rxe7 21. Nd3 Rfe8 22. Rfe1 d4 23. Rxe7 Rxe7 24. Nc5 Qb5 25. cxd4 Re2 26. Qg5 Qxb2 27. h4 h6 28. Qd8+ Kh7 29. Nd7 Re8 30. Qxc7 Qxa2 31. d5 Kg8 32. Qg3 Kh8 33. d6 Qe2 34. Rc1 Qe3 35. Rc7 Qe6 36. Nc5 Rd8 37. Nxe6 1-0


[Site "https://www.chess.com"]

[Event "Titled Tuesday Blitz May 4 2021"]
[White "Omariev, Maksim"]
[Black "Valdes Romero, Leonardo"]
[WhiteFideId "4193423"]
[BlackFideId "6500331"]
[WhiteElo "2425"]
[BlackElo "2497"]
[Result "1/2-1/2"]
[Round "10"]
[TimeControl "180+1"]
[Date "2021.05.04"]
[WhiteClock "0:00:01"]
[BlackClock "0:00:16"]

1. g4 d6 2. Bg2 e5 3. d4 Nd7 4. Nc3 c6 5. Nf3 h6 6. h4 Be7 7. Qd3 exd4 8. Qxd4 Ngf6 9. g5 hxg5 10. hxg5 Rxh1+ 11. Bxh1 Nh5 12. Be3 Qb6 13. O-O-O Qxd4 14. Nxd4 g6 15. f4 a6 16. Bf3 Ng7 17. Rh1 c5 18. Rh8+ Nf8 19. Nc6 Nf5 20. Nxe7 Nxe7 21. Bd2 Rb8 22. Ne4 Nf5 23. Nf6+ Ke7 24. Nd5+ Ke8 25. Nf6+ Ke7 26. Nd5+ Ke8 27. Bc3 Be6 28. Nf6+ Ke7 29. e4 Nd4 30. Bxd4 cxd4 31. Nh7 Re8 32. Nf6 Rc8 33. Kd2 Bxa2 34. Ng8+ Ke8 35. Nf6+ Ke7 36. b3 a5 37. Bg4 Rd8 38. Kd3 a4 39. bxa4 Be6 40. Bxe6 Nxe6 41. Ng8+ Kd7 42. Nf6+ Kc7 43. Rxd8 Kxd8 44. f5 gxf5 45. exf5 Nxg5 46. Kxd4 Kc7 47. Nd5+ Kc6 48. Ne7+ Kb6 49. Kd5 Ka5 50. Kxd6 Kxa4 51. Nd5 Kb5 52. Ke7 Kc4 53. Nb6+ Kc3 54. Kf6 Ne4+ 55. Kxf7 Kxc2 56. Ke6 Kc3 57. Nd5+ Kd4 58. Nf6 Nc5+ 59. Ke7 b5 60. Ne8 b4 61. Nd6 b3 62. f6 b2 63. Nb5+ Kc4 64. Na3+ Kb3 65. Nb1 Kc2 66. f7 Kxb1 67. f8=Q Ka2 68. Qf7+ Nb3 69. Qf2 Ka1 70. Qa7+ Kb1 71. Ke6 Kc2 72. Qc7+ Kd2 73. Qd6+ Kc2 74. Qh2+ Kc3 75. Qg3+ Kc2 76. Qf2+ Kc3 77. Qe3+ Kc2 78. Qe2+ Nd2 79. Qe1 b1=Q 80. Qxb1+ Nxb1 1/2-1/2


[Site "https://www.chess.com"]

[Event "Titled Tuesday Blitz May 4 2021"]
[White "Omk124"]
[Black "Shyaamnikhil P"]
[BlackFideId "5024218"]
[WhiteElo "2610"]
[BlackElo "2300"]
[Result "1/2-1/2"]
[Round "10"]
[TimeControl "180+1"]
[Date "2021.05.04"]
[WhiteClock "0:00:28"]
[BlackClock "0:00:45"]

1. e4 c5 2. Nf3 e6 3. d4 cxd4 4. Nxd4 Nc6 5. g3 Nf6 6. Bg2 Nxd4 7. Qxd4 Qa5+ 8. c3 Bc5 9. Qd1 Qc7 10. Bf4 e5 11. Bg5 Be7 12. Nd2 d6 13. Qe2 Be6 14. O-O O-O 15. Rfd1 h6 16. Bxf6 Bxf6 17. Nf1 Bg5 18. Ne3 Bxe3 19. Qxe3 Rfd8 20. Rd2 a5 21. Bf1 Qc5 22. Qe2 d5 23. exd5 Rxd5 24. Rxd5 Qxd5 25. a3 Rd8 26. Re1 f6 27. Bg2 Qc5 28. Rd1 Rxd1+ 29. Qxd1 b6 30. Be4 Kf7 31. Qh5+ Kf8 32. Qd1 Qe7 33. Qd3 Qd7 34. Qa6 Bh3 35. Qa8+ Ke7 36. Qd5 Qxd5 37. Bxd5 Kd6 38. Be4 f5 39. Bd3 e4 40. Be2 g5 41. f3 e3 42. f4 gxf4 43. gxf4 Kd5 44. Bd3 a4 45. Kh1 h5 46. Kg1 h4 47. Kh1 Kc5 48. Kg1 Kd6 49. Kh1 Ke6 50. Kg1 Kd5 51. Kh1 1/2-1/2


[Site "https://www.chess.com"]

[Event "Titled Tuesday Blitz May 4 2021"]
[White "Onyshchuk, Volodymyr"]
[Black "Martirosyan, Haik M."]
[WhiteFideId "14114038"]
[BlackFideId "13306553"]
[WhiteElo "2605"]
[BlackElo "2597"]
[Result "0-1"]
[Round "10"]
[TimeControl "180+1"]
[Date "2021.05.04"]
[WhiteClock "0:00:06"]
[BlackClock "0:00:16"]

1. Nf3 Nf6 2. g3 d5 3. Bg2 Nc6 4. O-O e5 5. d3 Be7 6. a3 a5 7. Nc3 O-O 8. e4 d4 9. Ne2 Nd7 10. Nd2 Nc5 11. f4 f5 12. fxe5 Nxe5 13. Nf4 c6 14. exf5 Bxf5 15. Nf3 Bg4 16. h3 Nxf3+ 17. Bxf3 Bxf3 18. Qxf3 Qd7 19. Qh5 Rf5 20. Qg4 Raf8 21. Bd2 Bd6 22. Rae1 Qf7 23. Bxa5 h5 24. Qe2 h4 25. Ng2 hxg3 26. Rxf5 Qxf5 27. Rf1 Qxh3 28. Rxf8+ Bxf8 29. Nf4 Qf5 30. Bd2 Bd6 31. Qh5 g5 32. Nh3 Ne6 33. Kg2 Qd5+ 34. Kg1 Qf5 35. Kg2 Kg7 36. Qf3 Qc5 37. c4 dxc3 38. Bxc3+ Be5 39. Qe4 Bxc3 40. Qxe6 Be5 41. Qf5 Qc2+ 42. Kf3 Qd1+ 43. Kg2 Qe2+ 44. Kh1 Qh2# 0-1


[Site "https://www.chess.com"]

[Event "Titled Tuesday Blitz May 4 2021"]
[White "Ozen, Bahadir"]
[Black "Abdusattorov, Nodirbek"]
[WhiteFideId "6337058"]
[BlackFideId "14204118"]
[WhiteElo "2503"]
[BlackElo "2662"]
[Result "0-1"]
[Round "10"]
[TimeControl "180+1"]
[Date "2021.05.04"]
[WhiteClock "0:00:13"]
[BlackClock "0:00:49"]

1. g3 d5 2. Nf3 Nd7 3. d4 Nb6 4. Bg2 Bf5 5. O-O Nf6 6. Bf4 h6 7. Nbd2 e6 8. c4 c6 9. Qb3 Qc8 10. Rac1 Be7 11. Ne5 O-O 12. Rfe1 Bh7 13. h3 Nbd7 14. Nxd7 Qxd7 15. Be5 Ne4 16. Nxe4 dxe4 17. Red1 Rad8 18. d5 exd5 19. cxd5 cxd5 20. Rc7 Qe6 21. Qxb7 Qxe5 22. Rxe7 Qf6 23. Qxa7 Qxb2 24. e3 Bg6 25. Rb7 Qc2 26. Qd4 Qxa2 27. Rb5 Qc2 28. Rxd5 Rxd5 29. Qxd5 Rb8 30. Qd2 Qc6 31. Qd6 Qc8 32. Qd7 Qc2 33. Qd2 Qa4 34. Qd4 Rb4 35. Qd8+ Kh7 36. Rc1 Bf5 37. Rc5 Be6 38. Ra5 Qc2 39. g4 Rb1+ 40. Kh2 Qxf2 0-1


[Site "https://www.chess.com"]

[Event "Titled Tuesday Blitz May 4 2021"]
[White "Ozkan, Ervin"]
[Black "Banawa, Joel"]
[WhiteFideId "6306004"]
[BlackFideId "2024055"]
[WhiteElo "2226"]
[BlackElo "2674"]
[Result "1-0"]
[Round "10"]
[TimeControl "180+1"]
[Date "2021.05.04"]
[WhiteClock "0:00:09"]
[BlackClock "0:00:02"]

1. d4 Nf6 2. Nf3 g6 3. Bf4 Bg7 4. e3 d6 5. h3 Nbd7 6. Be2 c5 7. c3 O-O 8. O-O b6 9. a4 a6 10. Na3 Bb7 11. Nc4 b5 12. Na3 b4 13. cxb4 cxb4 14. Nc4 a5 15. Bh2 Ne4 16. Rc1 Ndf6 17. Nfd2 Ng5 18. Nf3 Ne6 19. Nfd2 Ng5 20. Nf3 Ne6 21. Nfd2 Rc8 22. Bf3 Ba6 23. Re1 Ng5 24. Be2 Nge4 25. Nb3 Ra8 26. h4 Qe8 27. f3 d5 28. Ncxa5 Nd6 29. Nc6 Bxe2 30. Rxe2 Nc4 31. Ne5 Nxe5 32. dxe5 Nd7 33. Qxd5 Nb6 34. Qb5 Nxa4 35. Qxb4 Rb8 36. Qa3 Qb5 37. Nd4 Qb4 38. Qxb4 Rxb4 39. Nc6 Rb7 40. b4 Nb6 41. Rd1 Rc8 42. Rc2 Kf8 43. Rdc1 Rbc7 44. b5 Nd7 45. e6 fxe6 46. Bxc7 Rxc7 47. Nd4 Rxc2 48. Rxc2 Kf7 49. Rc7 Nb6 50. Nc6 Nd5 51. Rb7 e5 52. e4 Nf4 53. Rxe7+ Kf6 54. b6 Bf8 55. b7 Bxe7 56. Nxe7 Ne2+ 57. Kf2 Nf4 58. Nd5+ Nxd5 59. exd5 e4 60. b8=Q e3+ 61. Kxe3 g5 62. Qd6+ Kf5 63. Qe6# 1-0


[Site "https://www.chess.com"]

[Event "Titled Tuesday Blitz May 4 2021"]
[White "Pantzar, Milton"]
[Black "Mickiewicz, Piotr"]
[WhiteFideId "1721003"]
[BlackFideId "1114891"]
[WhiteElo "2323"]
[BlackElo "2263"]
[Result "1-0"]
[Round "10"]
[TimeControl "180+1"]
[Date "2021.05.04"]
[WhiteClock "0:00:05"]
[BlackClock "0:00:01"]

1. c4 g6 2. Nc3 Bg7 3. g3 Nf6 4. Bg2 O-O 5. e3 d6 6. Nge2 e5 7. O-O Nc6 8. d3 Bd7 9. b3 a6 10. Bb2 Rb8 11. Qd2 b5 12. f4 exf4 13. exf4 Re8 14. Rae1 Ng4 15. Nd5 Nf6 16. Nec3 b4 17. Ne4 Nxd5 18. Bxg7 Kxg7 19. cxd5 Na7 20. Qb2+ f6 21. Ng5 Nb5 22. Ne6+ Bxe6 23. dxe6 Nc3 24. a4 d5 25. d4 Qd6 26. f5 gxf5 27. Qf2 Rxe6 28. Qxf5 Rbe8 29. Qg4+ Kh8 30. Rxe6 Qxe6 31. Qh5 c6 32. a5 Ne2+ 33. Kh1 Nxd4 34. Bh3 Qe2 35. Qf7 Qe7 36. Qh5 Qe4+ 37. Bg2 Qg6 38. Qd1 Ne2 39. Bf3 Nc3 40. Qd2 Qg5 41. Qd3 Qe5 42. Qxa6 Kg7 43. Qxc6 d4 44. a6 Re6 45. Qd7+ Re7 46. Qg4+ Kh8 47. Qc8+ Re8 48. Qb7 d3 49. a7 d2 50. a8=Q Qe1 51. Qxe8+ Qxe8 52. Kg2 Qe3 53. Qc8+ Kg7 54. Qg4+ Kf7 55. Qd7+ Kg6 56. h4 h5 57. Qd8 Kg7 58. Qd7+ Kg6 59. Qd6 Kg7 60. Qf4 Qd3 61. Qc7+ Kg6 62. Qc8 Kg7 63. Qb7+ Kg6 64. Qa8 Kg7 65. Qb7+ Kg6 66. Qe7 Qd4 67. Qf8 d1=Q 68. Qg8+ 1-0


[Site "https://www.chess.com"]

[Event "Titled Tuesday Blitz May 4 2021"]
[White "Papasimakopoulos, Alexandros"]
[Black "Zemach, Roee"]
[WhiteFideId "4244125"]
[BlackFideId "2818531"]
[WhiteElo "2352"]
[BlackElo "2131"]
[Result "1-0"]
[Round "10"]
[TimeControl "180+1"]
[Date "2021.05.04"]
[WhiteClock "0:00:31"]
[BlackClock "0:00:18"]

1. d4 Nf6 2. c4 e6 3. Nc3 Bb4 4. Qc2 O-O 5. a3 Bxc3+ 6. Qxc3 d5 7. Bg5 dxc4 8. Qxc4 b6 9. Nf3 Ba6 10. Qa4 Qd7 11. Qc2 Rc8 12. Bxf6 gxf6 13. Qe4 Nc6 14. e3 Bxf1 15. Kxf1 Ne7 16. g4 c5 17. Kg2 cxd4 18. Nxd4 Qd5 19. Qxd5 Nxd5 20. Rac1 Kf8 21. Kf3 Ke7 22. e4 Nc7 23. Rc3 Ne8 24. Nc6+ Kf8 25. Rhc1 Rc7 26. b4 Nd6 27. Nd4 Rxc3+ 28. Rxc3 Rc8 29. Rxc8+ Nxc8 30. b5 Ke7 31. Ke3 Kd6 32. Nb3 e5 33. f4 Ke6 34. f5+ Ke7 35. a4 Nd6 36. Kd3 Kd7 37. Nc1 Nb7 38. Nb3 Kd6 39. Kc4 Nd8 40. a5 Nb7 41. a6 Nd8 42. Nc1 Kd7 43. Nd3 Kd6 44. Nb4 h6 45. Nd5 Kd7 46. Nxf6+ Ke7 47. Ng8+ Kf8 48. Nxh6 f6 49. h4 Kg7 50. g5 Kh7 51. Kd5 fxg5 52. hxg5 Kg7 53. Kd6 Kh7 54. Kd7 Kg7 55. Kxd8 Kh7 56. Kc7 Kg7 57. Kb7 Kh7 58. Kxa7 Kg7 59. Kxb6 Kh7 60. Kc5 Kg7 61. Kd5 Kh7 62. Kxe5 Kg7 63. Kf4 Kh7 64. e5 Kg7 65. b6 Kh7 66. a7 Kg7 67. b7 Kh7 68. Ng4 Kg7 69. f6+ Kh7 70. Kf5 Kh8 71. g6 Kg8 72. e6 Kf8 73. Kg5 Ke8 74. b8=Q# 1-0


[Site "https://www.chess.com"]

[Event "Titled Tuesday Blitz May 4 2021"]
[White "Pasti, Aron"]
[Black "Amarasinghe, A A C B"]
[WhiteFideId "785857"]
[BlackFideId "9901809"]
[WhiteElo "2082"]
[BlackElo "1778"]
[Result "0-1"]
[Round "10"]
[TimeControl "180+1"]
[Date "2021.05.04"]
[WhiteClock "0:02:04"]
[BlackClock "0:02:23"]

1. e4 c5 2. Nf3 Nc6 3. d4 cxd4 4. Nxd4 Nf6 5. Nc3 e5 6. Ndb5 d6 7. Be3 a6 8. Na3 b5 9. Nd5 Nxd5 10. Qxd5 Bb7 11. Be2 Qc7 12. O-O Nd4 13. Nxb5 Nxe2+ 14. Kh1 0-1


[Site "https://www.chess.com"]

[Event "Titled Tuesday Blitz May 4 2021"]
[White "Pein, Jonathan"]
[Black "Kalashian, David"]
[WhiteFideId "417092"]
[BlackFideId "13302418"]
[WhiteElo "2167"]
[BlackElo "2490"]
[Result "1-0"]
[Round "10"]
[TimeControl "180+1"]
[Date "2021.05.04"]
[WhiteClock "0:00:10"]
[BlackClock "0:00:34"]

1. e4 c6 2. b3 g6 3. Bb2 Nf6 4. e5 Nd5 5. e6 Nf6 6. exf7+ Kxf7 7. Nf3 d6 8. h4 h6 9. Bd3 Bf5 10. Qe2 Nbd7 11. h5 Rg8 12. hxg6+ Bxg6 13. Bxg6+ Rxg6 14. Nh4 Rg5 15. f4 Rg4 16. Nc3 Bg7 17. Nf5 Rxf4 18. Nxh6+ Kf8 19. Qe6 Qe8 20. O-O-O Qg6 21. g3 Rf2 22. Qe3 Rg2 23. Rde1 Re8 24. Ne2 Ne5 25. Nf4 Qxh6 26. Ne6+ Kf7 27. Rxh6 Bxh6 28. Qxh6 Kxe6 29. Qh3+ Kf7 30. Qxg2 Neg4 31. Rh1 Rg8 32. Rh7+ Ke8 33. Qe2 Nd5 34. Qe6 Ngf6 35. Bxf6 1-0


[Site "https://www.chess.com"]

[Event "Titled Tuesday Blitz May 4 2021"]
[White "Pesotskiy, Mikhail"]
[Black "Foerster-Yialamas, Lucas"]
[WhiteFideId "34164453"]
[BlackFideId "30901774"]
[WhiteElo "2052"]
[BlackElo "1744"]
[Result "1-0"]
[Round "10"]
[TimeControl "180+1"]
[Date "2021.05.04"]
[WhiteClock "0:00:17"]
[BlackClock "0:01:01"]

1. c4 c5 2. g3 Nc6 3. Bg2 e5 4. Nf3 d6 5. O-O g6 6. Nc3 Bg7 7. d3 Nge7 8. Rb1 O-O 9. Bd2 Be6 10. a3 h6 11. b4 Rb8 12. Qa4 a6 13. bxc5 dxc5 14. Rb2 f5 15. Rfb1 Qd7 16. Ne1 g5 17. Nc2 f4 18. Ne4 b6 19. Rxb6 Rxb6 20. Rxb6 f3 21. Bxf3 Bg4 22. Nxc5 Qf5 23. Ne3 1-0


[Site "https://www.chess.com"]

[Event "Titled Tuesday Blitz May 4 2021"]
[White "Pichot, Alan"]
[Black "Crevatin, Leo"]
[WhiteFideId "110973"]
[BlackFideId "1726307"]
[WhiteElo "2622"]
[BlackElo "2081"]
[Result "1-0"]
[Round "10"]
[TimeControl "180+1"]
[Date "2021.05.04"]
[WhiteClock "0:01:19"]
[BlackClock "0:00:25"]

1. e4 c6 2. d4 d5 3. e5 c5 4. c3 Nc6 5. Nf3 cxd4 6. cxd4 Bg4 7. Bb5 Rc8 8. Nc3 e6 9. h3 Bh5 10. O-O a6 11. Bxc6+ Rxc6 12. Be3 Bb4 13. Ne2 Bxf3 14. gxf3 Ne7 15. Ng3 h5 16. Qb3 Ba5 17. Bg5 h4 18. Ne2 Rh5 19. f4 b5 20. Rac1 Rc4 21. Qf3 g6 22. b3 Rxc1 23. Rxc1 Qd7 24. a4 b4 25. Qd3 Qb7 26. Qc2 Rh8 27. Qc5 Bd8 28. Qd6 Qa8 29. Rc7 Nf5 30. Qd7+ Kf8 31. Qxf7# 1-0


[Site "https://www.chess.com"]

[Event "Titled Tuesday Blitz May 4 2021"]
[White "Plotnikov, Pavel"]
[Black "Havanecz, Bianka"]
[WhiteFideId "4170342"]
[BlackFideId "704814"]
[WhiteElo "2298"]
[BlackElo "2313"]
[Result "1-0"]
[Round "10"]
[TimeControl "180+1"]
[Date "2021.05.04"]
[WhiteClock "0:01:16"]
[BlackClock "0:00:14"]

1. e4 e5 2. Nf3 Nc6 3. Bc4 Bc5 4. d3 h6 5. O-O Nf6 6. Nbd2 O-O 7. Re1 Re8 8. h3 a6 9. Bb3 Ba7 10. c3 d5 11. Qe2 Be6 12. Bc2 Qd7 13. Nf1 Rad8 14. Ng3 b5 15. Nh4 dxe4 16. dxe4 Bc4 17. Qf3 Nh7 18. Ngf5 Ng5 19. Qg3 f6 20. Nf3 Ne7 21. N3h4 Nxf5 22. Nxf5 Qe6 23. h4 b4 24. hxg5 hxg5 25. Be3 Bxe3 26. Nxe3 bxc3 27. Nxc4 cxb2 28. Bb3 Kf8 29. Nxb2 Qd6 30. Nc4 Qd4 31. Qg4 Qd3 32. Qh5 Rd7 33. Ba4 1-0


[Site "https://www.chess.com"]

[Event "Titled Tuesday Blitz May 4 2021"]
[White "Poormosavi, Seyed Kian"]
[Black "Titichoca Daza, Daniel"]
[WhiteFideId "12585807"]
[BlackFideId "3309550"]
[WhiteElo "2134"]
[BlackElo "1910"]
[Result "1-0"]
[Round "10"]
[TimeControl "180+1"]
[Date "2021.05.04"]
[WhiteClock "0:01:25"]
[BlackClock "0:01:20"]

1. e4 c5 2. Nf3 d6 3. c4 Bg4 4. Be2 Nc6 5. Nc3 Bxf3 6. Bxf3 g6 7. h4 h5 8. d3 Bg7 9. Be3 e6 10. Be2 Nge7 11. Qd2 Nd4 12. O-O-O a6 13. Kb1 Qd7 14. g4 hxg4 15. Bxg4 b5 16. h5 gxh5 17. Rxh5 Rxh5 18. Bxh5 b4 19. Ne2 Nec6 20. Bg5 Nxe2 21. Qxe2 Nd4 22. Qg4 Qa4 23. Rc1 b3 24. a3 Nc2 25. Qxe6+ 1-0


[Site "https://www.chess.com"]

[Event "Titled Tuesday Blitz May 4 2021"]
[White "Prithu Gupta"]
[Black "Aditya Mittal"]
[WhiteFideId "46618546"]
[BlackFideId "35042025"]
[WhiteElo "1775"]
[BlackElo "2171"]
[Result "1-0"]
[Round "10"]
[TimeControl "180+1"]
[Date "2021.05.04"]
[WhiteClock "0:00:16"]
[BlackClock "0:00:16"]

1. c4 Nf6 2. g3 c6 3. Bg2 d5 4. Nf3 g6 5. O-O Bg7 6. b3 O-O 7. Bb2 Nbd7 8. d3 Re8 9. Nc3 e5 10. cxd5 Nxd5 11. Rc1 N7b6 12. a3 f5 13. b4 Kh8 14. h4 Be6 15. b5 Nxc3 16. Bxc3 Bd5 17. bxc6 Bxc6 18. Ng5 Qd7 19. e4 h6 20. exf5 hxg5 21. fxg6 g4 22. Re1 Bxg2 23. Kxg2 Qd5+ 24. Re4 Nd7 25. Qxg4 Nf6 26. Qf5 Kg8 27. h5 Nxe4 28. dxe4 Qe6 29. Qg5 Qf6 30. Qf5 Qxf5 31. exf5 Rac8 32. Bd2 Rxc1 33. Bxc1 Rc8 34. Be3 Rc3 35. Bg5 e4 36. f6 Rc5 37. f7+ Kf8 38. Bf4 Rc6 39. Kh3 b5 40. Kg4 a5 41. Kf5 Rf6+ 42. Kg5 b4 43. h6 Rxf7 44. Bd6+ Kg8 45. gxf7+ Kxf7 46. hxg7 Kxg7 47. axb4 a4 48. Be5+ Kf7 49. Ba1 Ke6 50. Kf4 Kd5 51. g4 Kc4 52. g5 Kb3 53. g6 Ka2 54. g7 e3 55. g8=Q+ Kxa1 56. fxe3 a3 57. Qa8 Ka2 58. Qxa3+ Kb1 59. e4 Kc2 60. Kf5 Kb1 61. e5 Kc2 62. Kf6 Kd2 63. e6 Kc2 64. Kf7 Kb1 65. e7 Kc2 66. e8=Q Kb1 67. Qe1+ 1-0


[Site "https://www.chess.com"]

[Event "Titled Tuesday Blitz May 4 2021"]
[White "Prohorov, Olexandr"]
[Black "Minaya, Juan"]
[WhiteFideId "14105578"]
[BlackFideId "4400283"]
[WhiteElo "2100"]
[BlackElo "1838"]
[Result "1-0"]
[Round "10"]
[TimeControl "180+1"]
[Date "2021.05.04"]
[WhiteClock "0:02:04"]
[BlackClock "0:00:11"]

1. e4 e6 2. d4 d5 3. Nd2 Nf6 4. e5 Nfd7 5. Bd3 c5 6. c3 Nc6 7. Ne2 Qb6 8. O-O cxd4 9. cxd4 Nxd4 10. Nxd4 Qxd4 11. Nf3 Qb6 12. Qa4 Be7 13. Qg4 Kf8 14. Rb1 f5 15. exf6 Nxf6 16. Qg3 Bd7 17. Be3 Qb4 18. Ne5 Be8 19. a3 Qb3 20. Rfc1 Rd8 21. Rc3 Qa4 22. Rbc1 Bd6 23. f4 d4 24. Rc4 Qb3 25. Rxd4 1-0


[Site "https://www.chess.com"]